cohdb
Replays
Latest Replays
All Replays
Popular Replays
Top Player Replays
Match Explorer
How It Works
Community
CoH3 Stats
Reddit
Sign in to upload your games and track your stats! →
Sign in with Steam
Match 45757315
Unlisted
Match 45757315
Overview
Messages
Build Orders
End
Pioneer Squad
Construct Infanterie Kompanie
Grenadier Squad
Grenadier Squad
Grenadier Squad
Infanterie Officer Quarters
Construct Panzergrenadier Kompanie
Pak 40 Anti-tank Gun Team
Selects Mechanized Battlegroup
Selects Raid Package
Selects 8 Rad Armored Car
8 Rad Armored Car
8 Rad Armored Car
8 Rad Armored Car
Selects Spotting Scopes
Selects Stoßtruppen Assault Package
Selects Zeroing Artillery Barrage
MG 42 Machine Gun Team
Pioneer Squad
8 Rad Armored Car
8 Rad Armored Car
Mael Radec
ElShileno123
0
0
Comments
sign in to comment!
No comments posted yet!